Map: Dusty Gorge

Players

JeanLeJamBon

  • Race: Terran Terran
  • League: Diamond
  • Spawn Location: 11:00

EnTaroAdun

  • Race: Protoss Protoss
  • League: Diamond
  • Spawn Location: 9:00

PureLegacy - Winner!

  • Race: Terran Terran
  • Spawn Location: 5:00

Spirit - Winner!

  • Race: Protoss Protoss
  • Spawn Location: 3:00

VOD

Have the link to the VOD?

Description

Time

  • Played on: Nov. 23, 2018, 2:51 p.m.
  • Length: 9:32
Show
View Real Time Build Order
Export as new Build Order

JeanLeJamBon Terran 

Build Orders: Reaper Expand 

Get SALT Encoding   

  12  0:01  SCV  
  13  0:13  SCV  
  14  0:18  Supply Depot  
  14  0:25  SCV  
  15  0:40  SCV  
  15  0:41  Barracks  
  16  0:46  Refinery  
  16  0:52  SCV  
  17  1:04  SCV  
  18  1:17  SCV  
  19  1:30  Reaper  
  19  1:31  Orbital Command  
  20  1:46  Command Center  
  20  1:51  Refinery  
  20  1:57  SCV  
  20  2:00  Supply Depot  
  21  2:13  SCV  
  22  2:17  Barracks Tech Lab  
  22  2:24  Factory  
  22  2:25  SCV  
  23  2:37  SCV  
  24  2:46  Marauder  
  24  2:47  Concussive Shells  
  25  2:54  SCV  
  26  3:03  Orbital Command  
  26  3:08  Marauder  
  26  3:09  Hellion  
  24  3:31  Widow Mine  
  24  3:33  Marauder  
  24  3:34  SCV  
  27  3:48  SCV  
  28  3:57  Marauder  
  30  4:06  Hellion  
  28  4:19  Marauder  
  24  4:26  SCV x2  
  26  4:36  Barracks  
  26  4:37  Barracks  
  26  4:38  SCV x2  
  28  4:39  Hellion, Starport  
  28  5:02  SCV  
  28  5:04  Marauder  
  28  5:05  Widow Mine  
  28  5:06  SCV  
  34  5:07  Stimpack  
  34  5:14  SCV  
  34  5:18  SCV  
  34  5:22  Medivac  
  34  5:24  Barracks Reactor  
  34  5:25  Barracks Tech Lab  
  34  5:26  SCV, Widow Mine  
  34  5:27  Supply Depot x2  
  34  5:28  Marauder  
  34  6:00  SCV x2  
  34  6:02  Marine  
  34  6:03  Marine, Marauder  
  34  6:04  Marauder  
  40  6:13  Starport Reactor  
  40  6:16  SCV x2  
  42  6:20  Marine x2  
  42  6:25  Marauder  
  45  6:28  SCV  
  45  6:29  SCV  
  44  6:36  Engineering Bay  
  44  6:37  Engineering Bay  
  44  6:40  Command Center  
  44  6:41  SCV x2  
  46  6:50  Supply Depot  
  46  7:02  Terran Infantry Weapons Level 1  
  46  7:03  Terran Infantry Armor Level 1  
  46  7:11  Marine x3, SCV x2  
  46  7:13  Refinery x2  
  46  7:14  Supply Depot  
  46  7:15  Combat Shield  
  51  7:23  Supply Depot, SCV x2  
  51  7:29  Marauder  
  55  7:35  SCV  
  50  7:46  Medivac x2, Marine  
  50  7:47  Marauder  
  50  7:48  Missile Turret  
  50  7:50  Missile Turret  
  57  8:07  Marine x2  
  57  8:08  Marauder  
  57  8:09  SCV x3  
  64  8:18  Supply Depot  
  64  8:21  SCV  
  64  8:39  Marine x2  
  64  8:40  Marauder x2  
  70  8:44  SCV  
  71  8:49  SCV  
  71  8:54  Missile Turret  
  72  9:00  Supply Depot  
  72  9:01  Marauder  
  74  9:12  Command Center  
Show
View Real Time Build Order
Export as new Build Order

EnTaroAdun Protoss 

Build Orders: 1 Gate Expand 

Get SALT Encoding   

  12  0:01  Probe  
  13  0:13  Probe  
  14  0:23  Pylon  
  14  0:25  Probe  
  15  0:39  Probe  
  16  0:44  Gateway  
  16  0:47  Probe  
  16  0:55  Probe  
  18  1:22  Nexus  
  18  1:24  Probe  
  18  1:25  Assimilator  
  19  1:35  Probe  
  20  1:45  Cybernetics Core  
  20  1:54  Cybernetics Core  
  20  1:57  Gateway  
  20  1:59  Pylon  
  19  2:18  Stalker  
  19  2:23  Assimilator  
  19  2:25  Probe  
  22  2:37  Shield Battery  
  22  2:38  Shield Battery  
  22  2:43  Gateway  
  22  2:47  Probe  
  22  2:49  Probe  
  22  2:50  Stalker  
  24  2:59  Probe  
  24  3:00  Stalker  
  29  3:22  Stalker  
  31  3:29  Stalker  
  31  3:56  Stalker, Probe  
  31  4:00  Probe  
  35  4:04  Probe  
  35  4:05  Stalker  
  38  4:15  Warp Gate  
  38  4:42  Probe x2  
  38  4:50  Probe  
  33  4:54  Probe  
  33  4:59  Probe  
  33  5:05  Probe  
  33  5:13  Probe x2  
  34  5:22  Stalker x2  
  38  5:29  Pylon  
  38  5:32  Pylon  
  38  5:39  Shield Battery  
  38  5:47  Stalker, Probe x2  
  42  5:57  Stalker x2  
  46  6:14  Probe x2  
  48  6:19  Robotics Facility  
  48  6:26  Probe x2  
  50  6:34  Probe  
  50  6:35  Probe, Pylon  
  52  6:43  Probe  
  53  6:52  Probe  
  53  6:56  Pylon  
  53  7:00  Probe  
  55  7:10  Probe  
  55  7:13  Probe  
  55  7:14  Observer  
  57  7:19  Probe  
  58  7:25  Robotics Bay  
  58  7:27  Forge  
  59  7:38  Adept  
  58  8:09  Probe  
  58  8:12  Probe  
  60  8:17  Probe  
  60  8:24  Probe  
  62  8:35  Nexus  
  62  8:46  Pylon  
  62  8:47  Pylon  
  62  8:49  Pylon  
  62  8:50  Pylon  
  62  8:54  Pylon  
  62  8:56  Assimilator  
  62  8:58  Assimilator  
  62  8:59  Pylon  
  62  9:03  Pylon  
  62  9:04  Probe x2  
  56  9:17  Probe x2  
Show
View Real Time Build Order
Export as new Build Order

PureLegacy Terran - Winner!

Build Orders:  

Get SALT Encoding   

  12  0:01  SCV  
  13  0:13  SCV  
  14  0:19  Supply Depot  
  14  0:25  SCV  
  15  0:30  Refinery  
  15  0:40  SCV  
  16  0:46  Barracks  
  16  0:52  SCV  
  17  1:06  Barracks  
  17  1:19  Barracks  
  17  1:26  SCV  
  18  1:34  Reaper  
  19  1:43  Orbital Command  
  19  1:51  Refinery  
  19  1:55  Reaper  
  20  2:05  Supply Depot  
  20  2:07  Reaper  
  21  2:11  Reaper  
  22  2:20  SCV  
  23  2:27  Reaper  
  24  2:39  Supply Depot, Reaper  
  25  2:46  Reaper  
  25  2:48  SCV  
  27  2:59  Reaper  
  27  3:01  SCV  
  29  3:12  Reaper  
  30  3:24  Reaper  
  31  3:36  Command Center  
  31  3:37  Command Center  
  31  3:39  SCV  
  33  3:45  Supply Depot  
  34  3:56  SCV  
  34  3:59  Barracks Reactor  
  34  4:00  Barracks Tech Lab, Barracks Reactor  
  33  4:05  Factory  
  33  4:08  SCV  
  32  4:19  Marine  
  29  4:25  Stimpack  
  29  4:26  SCV  
  30  4:36  Marine x4  
  30  4:37  Marine  
  30  4:38  SCV  
  36  4:50  SCV  
  37  4:53  Factory Reactor, Starport  
  37  4:54  Marine x3  
  40  5:00  Marine  
  40  5:08  Marine  
  40  5:09  SCV  
  40  5:10  Orbital Command  
  41  5:19  Marine x4  
  45  5:23  SCV  
  46  5:37  Marine  
  46  5:38  SCV  
  48  5:48  Marine x2  
  48  5:49  Marine x2  
  52  5:51  SCV  
  52  5:52  SCV  
  55  6:05  Engineering Bay, SCV x2  
  55  6:07  Medivac  
  55  6:08  Medivac  
  55  6:10  Factory Tech Lab  
  61  6:11  Supply Depot x2  
  61  6:17  SCV x2  
  62  6:20  Barracks  
  62  6:21  Barracks  
  62  6:30  SCV x2  
  62  6:31  Combat Shield  
  62  6:33  Siege Tank  
  62  6:38  Refinery  
  65  6:41  Refinery  
  65  6:42  SCV x2  
  65  6:45  Supply Depot  
  67  6:52  Medivac x2  
  71  6:58  SCV x2  
  73  7:05  Siege Tank  
  73  7:06  Marine  
  73  7:07  Marine x3  
  80  7:10  SCV  
  80  7:11  SCV  
  80  7:12  Barracks Reactor  
  80  7:15  Supply Depot, Barracks Reactor  
  82  7:20  Supply Depot  
  82  7:23  SCV x2  
  84  7:32  Marine x2  
  84  7:36  Marine x3  
  89  7:38  Medivac x2  
  92  7:50  Marine x2  
  94  7:52  Marine x2  
  94  7:53  Marine x2  
  94  7:54  Marine x3  
  101  8:02  Siege Tank  
  101  8:03  Supply Depot x2  
  104  8:08  Marine x2  
  104  8:11  Marine x4  
  110  8:24  Marine x3  
  110  8:26  Supply Depot  
  110  8:27  Medivac x2  
  115  8:28  Marine x2  
  119  8:39  Marine x4  
  123  8:42  Marine  
  123  8:48  Siege Tank  
  127  9:04  Marine x4  
  127  9:05  Marine x3  
Show
View Real Time Build Order
Export as new Build Order

Spirit Protoss - Winner!

Build Orders:  

Get SALT Encoding   

  12  0:04  Probe  
  13  0:42  Probe  
  14  0:47  Pylon  
  14  0:49  Assimilator  
  14  0:54  Assimilator, Probe  
  15  1:06  Probe  
  15  1:09  Gateway  
  16  1:13  Gateway  
  16  1:15  Probe  
  16  1:23  Probe  
  18  1:33  Probe  
  19  1:45  Probe  
  20  1:57  Probe  
  20  2:00  Cybernetics Core, Pylon  
  21  2:20  Probe  
  21  2:21  Warp Gate  
  22  2:32  Probe  
  22  2:34  Nexus  
  23  2:38  Stalker  
  25  2:44  Probe  
  25  2:48  Stalker  
  28  3:01  Probe  
  29  3:12  Stalker  
  31  3:41  Pylon  
  31  3:44  Pylon  
  31  3:46  Stalker, Probe  
  34  3:49  Gateway  
  34  3:52  Gateway  
  34  3:58  Probe  
  35  4:10  Probe  
  35  4:11  Probe  
  37  4:22  Probe  
  37  4:23  Probe  
  39  4:31  Pylon  
  39  4:34  Probe  
  39  4:35  Probe  
  41  4:49  Stalker x2  
  41  4:50  Stalker x2  
  49  4:55  Probe x2  
  52  5:07  Probe x2  
  53  5:22  Stalker x4  
  61  5:29  Twilight Council  
  61  5:30  Probe x2  
  61  5:33  Assimilator  
  63  5:37  Assimilator  
  63  5:41  Blink  
  63  5:42  Probe x2  
  63  5:53  Stalker x3  
  63  6:18  Stalker x3  
  69  6:28  Pylon  
  69  6:30  Pylon  
  69  6:33  Pylon  
  69  6:35  Probe  
  69  6:37  Forge  
  70  6:45  Forge  
  70  6:46  Probe  
  71  6:47  Probe, Dark Shrine  
  71  6:48  Stalker  
  71  6:49  Stalker x2  
  78  6:54  Protoss Ground Weapons Level 1  
  78  6:58  Probe, Protoss Ground Armor Level 1  
  78  6:59  Probe  
  80  7:10  Probe  
  81  7:22  Stalker x3  
  85  7:23  Stalker  
  82  7:42  Probe x2  
  84  7:48  Charge  
  84  7:51  Stalker x4  
  88  7:54  Probe  
  93  8:01  Probe  
  94  8:06  Photon Cannon  
  94  8:09  Photon Cannon  
  94  8:14  Pylon  
  94  8:17  Pylon  
  94  8:32  Probe x2  
  86  8:44  Probe x2  
  86  8:47  Dark Templar x4  
  96  9:18  Nexus  
Tags
 
Add a new tag
Caveats
  • Supply blocks, unpowered buildings, or Contaminate may cause inaccurate times.
  • Supply counts are checked every 10 seconds.